Map: Cañón atribulado

Players

MrFercho - Winner!

  • Race: Zerg Zerg
  • League: Gold
  • Spawn Location: 6:00

TATORREA - Winner!

  • Race: Protoss Protoss
  • League: Gold
  • Spawn Location: 7:00

tigro - Winner!

  • Race: Terran Terran
  • League: Bronze
  • Spawn Location: 6:00

Waldorf

  • Race: Terran Terran
  • Spawn Location: 12:00

Ghorff

  • Race: Protoss Protoss
  • League: Silver
  • Spawn Location: 3:00

balonpie

  • Race: Terran Terran
  • Spawn Location: 12:00

VOD

Have the link to the VOD?

Description

Time

  • Played on: Aug. 16, 2020, 10:37 p.m.
  • Length: 13:47
Show
View Real Time Build Order
Export as new Build Order

MrFercho Zerg - Winner!

Build Orders: Hatch First, Lurkers 

Get SALT Encoding   

  12  0:01  Drone  
  13  0:14  Overlord  
  13  0:22  Drone  
  14  0:35  Drone x2  
  16  0:54  Hatchery  
  16  0:56  Drone  
  16  1:00  Drone  
  16  1:03  Drone  
  18  1:16  Extractor  
  17  1:20  Spawning Pool  
  17  1:22  Drone  
  17  1:26  Drone  
  17  1:31  Drone  
  19  1:47  Drone  
  20  1:53  Overlord  
  20  2:03  Drone  
  20  2:08  Drone  
  22  2:13  Queen  
  22  2:14  Queen  
  26  2:17  Drone  
  26  2:19  Drone  
  28  2:23  Metabolic Boost  
  28  2:26  Drone  
  29  2:33  Overlord  
  29  2:35  Drone  
  30  2:39  Drone  
  31  2:48  Drone  
  32  2:56  Queen  
  34  3:01  Lair  
  34  3:04  Drone  
  34  3:05  Drone x2  
  37  3:08  Overlord  
  37  3:15  Drone  
  38  3:25  Extractor  
  38  3:26  Drone x5  
  42  3:28  Extractor  
  41  3:34  Drone x2  
  41  3:35  Drone x3  
  46  3:59  Drone  
  46  4:00  Overlord  
  46  4:01  Overlord  
  47  4:03  Zergling x6  
  47  4:06  Drone x2  
  52  4:12  Baneling Nest  
  52  4:15  Evolution Chamber  
  52  4:16  Queen, Evolution Chamber  
  51  4:17  Overlord  
  51  4:18  Overlord  
  51  4:27  Drone  
  51  4:28  Drone  
  51  4:30  Nydus Network  
  52  4:34  Queen  
  52  4:38  Zergling x10  
  59  4:57  Overseer  
  59  4:59  Zergling x10  
  64  5:07  Zerg Missile Weapons Level 1  
  64  5:08  Zerg Melee Weapons Level 1  
  64  5:14  Pneumatized Carapace  
  64  5:17  Centrifical Hooks  
  64  5:19  Zergling x2  
  64  5:20  Zergling x10  
  70  6:03  Drone  
  71  6:10  Overseer  
  71  6:13  Hydralisk Den  
  71  6:14  Drone x2  
  71  6:15  Zergling x2  
  71  6:16  Zergling x12  
  71  6:17  Hatchery  
  78  6:26  Zergling x8  
  82  7:02  Nydus Canal  
  82  7:08  Muscular Augments  
  82  7:12  Overlord x2  
  82  7:13  Overlord x3  
  82  7:14  Overlord  
  82  7:15  Overlord  
  82  7:30  Queen  
  82  7:34  Baneling x9  
  82  7:35  Baneling x14  
  84  7:37  Baneling x9  
  84  7:40  Zergling x20  
  94  7:53  Zerg Melee Weapons Level 2  
  88  8:14  Zergling x26  
  88  8:19  Grooved Spines  
  82  8:35  Baneling x10  
  82  8:36  Baneling x2  
  81  8:47  Hydralisk x3  
  81  8:48  Hydralisk  
  75  9:32  Hydralisk x7  
  83  9:56  Hydralisk  
  83  9:57  Hydralisk x3  
  70  10:21  Zerg Missile Weapons Level 2  
  70  10:35  Lurker Den  
  70  10:38  Extractor  
  68  10:54  Hydralisk x3  
  68  10:55  Extractor  
  73  10:57  Extractor, Hatchery  
  73  10:59  Extractor  
  70  11:20  Hydralisk x5  
  70  11:21  Hydralisk  
  82  11:35  Drone x3  
  82  11:36  Drone x3, Infestation Pit  
  82  11:39  Drone x3  
  90  11:41  Drone x5  
  90  11:43  Queen  
  97  12:06  Hydralisk  
  97  12:07  Hydralisk x5  
  109  12:15  Nydus Canal  
  109  12:36  Hydralisk  
  109  12:37  Hydralisk x8  
  127  12:50  Lurker  
  127  12:51  Lurker x3  
Show
View Real Time Build Order
Export as new Build Order

TATORREA Protoss - Winner!

Build Orders:  

Get SALT Encoding   

  12  0:02  Probe  
  13  0:14  Probe  
  14  0:26  Probe  
  14  0:27  Pylon  
  15  0:45  Probe  
  15  0:48  Gateway  
  17  0:57  Probe  
  17  1:07  Assimilator  
  17  1:09  Probe  
  17  1:10  Pylon  
  18  1:19  Gateway  
  18  1:26  Probe  
  18  1:28  Pylon  
  19  1:37  Assimilator  
  19  1:38  Probe  
  20  1:50  Probe  
  21  1:56  Cybernetics Core  
  21  2:02  Probe  
  22  2:13  Gateway  
  22  2:14  Probe  
  23  2:27  Probe  
  24  2:38  Twilight Council  
  24  2:41  Warp Gate  
  24  2:57  Nexus  
  24  3:01  Pylon  
  24  3:07  Resonating Glaives (Chrono Boost)  
  24  3:09  Pylon  
  24  3:23  Adept  
  26  3:27  Adept  
  27  3:35  Adept  
  29  3:53  Adept  
  31  3:57  Adept  
  31  3:59  Probe  
  34  4:05  Adept  
  36  4:11  Probe  
  36  4:12  Probe  
  38  4:23  Probe  
  38  4:24  Probe  
  40  4:25  Forge  
  40  4:35  Probe  
  40  4:36  Probe  
  42  4:45  Adept x3  
  46  4:49  Probe  
  46  4:51  Probe  
  50  5:01  Probe  
  50  5:03  Probe  
  52  5:13  Probe  
  53  5:28  Probe  
  53  5:29  Probe  
  55  5:35  Assimilator  
  55  5:37  Protoss Ground Weapons Level 1 (Chrono Boost)  
  55  5:40  Assimilator, Probe  
  55  5:41  Probe  
  57  5:43  Charge (Chrono Boost)  
  57  5:45  Nexus  
  57  5:48  Pylon  
  57  5:50  Pylon  
  57  6:00  Stalker x2  
  57  6:01  Stalker  
  63  6:20  Probe x2  
  65  6:32  Probe x2  
  67  6:37  Robotics Facility  
  67  6:39  Stargate  
  67  6:41  Stargate  
  67  6:44  Stalker x2, Probe x2  
  67  6:45  Stalker  
  71  8:09  Stalker x2  
  71  8:10  Stalker  
  73  8:16  Probe x3  
  74  8:27  Pylon  
  74  8:28  Probe x3  
  74  8:29  Pylon  
  77  8:34  Pylon  
  77  8:37  Stalker x3  
  77  8:38  Pylon  
  77  8:39  Pylon  
  77  8:40  Probe x3  
  77  8:41  Pylon  
  86  8:42  Nexus  
  86  8:43  Pylon  
  86  8:46  Assimilator  
  86  8:49  Assimilator  
  86  8:52  Probe x2  
  86  8:53  Probe  
  89  9:00  Void Ray  
  89  9:01  Void Ray  
  97  9:04  Immortal, Probe  
  97  9:05  Probe  
  97  9:07  Probe  
  100  9:16  Probe  
  100  9:17  Probe  
  98  9:19  Probe  
  99  9:29  Probe  
  100  9:31  Gateway  
  100  9:33  Gateway  
  100  9:34  Protoss Ground Weapons Level 2 (Chrono Boost)  
  100  9:36  Gateway  
  100  9:38  Gateway  
  100  9:41  Gateway  
  100  9:45  Gateway  
  100  9:48  Gateway  
  100  9:49  Forge  
  100  9:50  Gateway  
  100  9:51  Forge  
  100  9:52  Gateway, Pylon  
  100  9:57  Pylon, Probe x3  
  100  9:58  Probe  
  104  10:02  Pylon  
  104  10:03  Templar Archives  
  104  10:06  Stalker  
  104  10:07  Stalker  
  108  10:08  Stalker  
  108  10:09  Probe  
  111  10:17  Pylon  
  111  10:19  Void Ray  
  111  10:21  Void Ray  
  119  10:28  Immortal  
  119  10:34  Probe x2  
  119  10:35  Probe x2  
  127  10:39  Protoss Ground Armor Level 1 (Chrono Boost), Protoss Shields Level 1 (Chrono Boost)  
  127  10:40  Assimilator  
  127  10:44  Assimilator  
  127  10:45  Psionic Storm  
  127  10:46  Probe  
  127  10:49  High Templar x2  
  132  10:50  High Templar x2  
  132  10:51  High Templar  
  132  10:52  High Templar  
  132  10:53  High Templar  
  132  10:54  High Templar  
  132  10:55  High Templar  
  146  10:57  High Templar  
  146  11:02  Zealot  
  150  11:04  Archon  
  150  11:05  Archon x2  
  150  11:06  Archon  
  150  11:07  Archon  
  150  11:09  Blink  
  150  11:18  Zealot  
  152  11:22  Void Ray  
  156  11:27  Void Ray  
  156  11:31  Immortal  
  164  11:35  Zealot x3  
  164  11:36  Zealot  
  164  11:37  Zealot x3  
  164  11:38  Zealot x2  
  182  11:41  Zealot  
  182  11:42  Zealot  
  182  11:44  Zealot  
  184  12:05  Void Ray  
  186  12:10  Void Ray  
  186  12:11  Immortal  
  180  12:32  Zealot  
  180  12:33  Zealot x4  
  180  12:34  Zealot x3  
  180  12:35  Zealot x2  
  194  13:04  Zealot x3  
Show
View Real Time Build Order
Export as new Build Order

tigro Terran - Winner!

Build Orders:  

Get SALT Encoding   

  12  0:15  Supply Depot, SCV  
  13  0:27  SCV  
  14  0:39  SCV  
  15  0:45  Barracks  
  15  0:51  SCV  
  15  0:54  Refinery  
  16  1:03  SCV  
  17  1:15  SCV  
  18  1:28  SCV  
  19  1:33  Marine  
  19  1:38  Supply Depot  
  20  1:40  SCV  
  21  1:50  Marine  
  21  1:52  SCV  
  21  1:54  Refinery  
  23  2:08  Marine, Factory  
  23  2:15  SCV  
  25  2:26  Marine  
  25  2:27  SCV  
  27  2:40  Orbital Command  
  27  2:44  Marine  
  27  2:49  Engineering Bay  
  28  2:53  Factory Tech Lab  
  28  3:12  Barracks Tech Lab  
  28  3:13  Command Center  
  28  3:14  Siege Tank  
  31  3:37  Starport  
  31  3:41  Combat Shield  
  31  3:46  Siege Tank  
  34  4:07  Missile Turret  
  34  4:26  SCV  
  34  4:27  Refinery  
  35  4:32  Missile Turret  
  35  4:38  SCV  
  36  4:39  Medivac  
  38  4:50  SCV  
  39  4:57  Barracks  
  39  5:01  Missile Turret  
  39  5:06  Terran Infantry Weapons Level 1  
  39  5:11  Stimpack  
  39  5:15  Starport Tech Lab  
  39  5:26  Missile Turret  
  39  5:51  Barracks Reactor  
  39  5:56  Missile Turret  
  39  6:03  SCV  
  39  6:04  Armory  
  40  6:15  SCV  
  40  6:17  Marine  
  42  6:27  SCV  
  43  6:35  Marine  
  43  6:39  SCV  
  45  6:43  Marine x2  
  47  6:51  SCV  
  47  6:52  Marine, Fusion Core  
  49  7:00  Terran Infantry Armor Level 1  
  49  7:01  Marine x2  
  48  7:10  Marine  
  49  7:18  Marine  
  49  7:19  Marine  
  51  7:28  Marine  
  52  7:36  Marine x2  
  51  7:46  Marine  
  48  7:54  Marine x2  
  50  8:04  Marine  
  51  8:06  Refinery  
  51  8:07  Weapon Refit  
  51  8:10  Terran Vehicle Weapons Level 1  
  51  8:12  Marine x2  
  53  8:21  Marine  
  54  8:54  Neosteel Armor  
  43  9:37  Medivac  
  45  9:47  Rapid Reignition System  
  45  9:50  SCV  
  45  9:52  Marine x3  
  49  9:56  Thor  
  55  10:02  SCV  
  55  10:04  Terran Vehicle And Ship Armor Level 1  
  56  10:07  Battlecruiser  
  62  10:34  Hi-Sec Auto Tracking  
  62  11:02  Supply Depot  
  62  11:23  Supply Depot, Marine x3, SCV  
  66  11:31  Terran Infantry Weapons Level 2  
  60  11:35  SCV  
  53  11:41  Marine x3  
  50  11:47  SCV  
  51  11:58  Marine x3  
  51  11:59  SCV  
  55  12:10  Medivac  
  55  12:11  SCV  
  55  12:12  Thor  
  64  12:16  Marine x3  
  67  12:34  Marine x3  
  70  12:40  Battlecruiser  
  76  12:52  Marine x2  
Show
View Real Time Build Order
Export as new Build Order

Waldorf Terran 

Build Orders:  

Get SALT Encoding   

  12  0:01  SCV  
  13  0:17  SCV  
  14  0:28  Supply Depot  
  14  0:30  SCV  
  14  0:35  Refinery  
  15  0:39  Refinery  
  15  0:51  Supply Depot  
  15  0:59  Barracks  
  15  1:15  SCV  
  16  1:28  Supply Depot  
  16  1:30  SCV  
  17  1:50  Factory  
  17  1:51  Marine  
  18  2:27  SCV  
  19  2:51  Marine  
  19  2:54  Factory Tech Lab  
  20  3:00  SCV  
  21  3:08  Starport  
  21  3:18  Siege Tank  
  24  3:21  Marine  
  24  3:24  SCV  
  26  3:44  Command Center  
  26  3:47  Starport Tech Lab  
  26  4:00  Marine  
  27  4:06  Siege Tank  
  30  4:18  Orbital Command  
  30  4:36  Viking  
  32  5:02  Refinery  
  32  5:03  SCV  
  33  5:11  Starport  
  33  5:12  Viking  
  35  5:14  Marine  
  35  5:15  SCV  
  37  5:43  Viking  
  39  5:55  Orbital Command  
  39  6:11  Siege Tank  
  42  6:14  Starport Tech Lab  
  42  6:22  Starport  
  42  6:23  Viking  
  44  6:26  SCV  
  27  7:49  Marine  
  30  7:51  Hellion  
  30  7:52  Viking  
  30  7:53  Viking  
  34  8:07  Marine  
  34  8:12  Hellion  
  33  8:22  Viking  
  33  8:25  Marine  
  28  8:34  Hellion  
  28  8:40  SCV  
  29  8:42  Marine  
  29  8:46  SCV  
  31  8:52  SCV  
  25  8:55  Hellion  
  25  8:59  Viking  
  25  9:00  Marine  
  26  9:04  SCV  
  23  9:16  SCV  
  23  9:17  Hellion  
  23  9:18  Marine  
  22  9:28  SCV  
  21  9:36  Marine  
  22  9:54  Viking, Marine  
  22  9:55  Viking x2  
  22  9:59  Factory Tech Lab  
  29  10:11  Marine  
  30  10:24  Viking  
  30  10:27  Viking  
  34  10:29  Marine  
  34  10:30  Hellion  
  37  10:46  Supply Depot  
  37  10:47  Marine  
  38  11:05  Marine  
  38  11:08  Hellion  
  41  11:23  Marine  
  12  12:06  Viking  
  14  12:13  Marine  
  14  12:31  Marine  
  4  12:59  Marine  
Show
View Real Time Build Order
Export as new Build Order

Ghorff Protoss 

Build Orders: Double Forge 

Get SALT Encoding   

  12  0:13  Pylon  
  12  0:18  Assimilator  
  12  0:25  Probe (Chrono Boost)  
  13  0:35  Probe (Chrono Boost)  
  14  0:43  Gateway  
  14  0:57  Forge  
  14  1:00  Assimilator  
  14  1:03  Probe (Chrono Boost)  
  15  1:13  Probe (Chrono Boost)  
  16  1:21  Pylon  
  16  1:31  Gateway  
  16  1:37  Forge  
  16  1:42  Cybernetics Core  
  16  1:49  Pylon  
  16  2:20  Pylon  
  16  2:26  Pylon  
  16  2:31  Photon Cannon  
  16  2:34  Photon Cannon  
  16  2:36  Photon Cannon  
  16  2:55  Probe (Chrono Boost)  
  17  3:05  Probe (Chrono Boost)  
  18  3:10  Probe (Chrono Boost)  
  19  3:21  Probe  
  20  3:39  Protoss Shields Level 1  
  20  3:48  Stargate  
  20  4:13  Nexus  
  20  4:17  Assimilator  
  20  4:21  Assimilator  
  20  4:26  Pylon  
  20  4:37  Stargate  
  20  4:55  Protoss Air Weapons Level 1, Photon Cannon  
  20  5:04  Photon Cannon  
  20  5:11  Pylon  
  20  5:18  Pylon  
  20  5:32  Photon Cannon  
  20  5:47  Pylon  
  20  5:51  Probe (Chrono Boost)  
  21  6:01  Probe (Chrono Boost)  
  21  6:04  Sentry  
  24  6:06  Probe (Chrono Boost)  
  25  6:17  Probe  
  26  6:19  Robotics Facility  
  26  6:29  Probe  
  26  6:30  Sentry  
  29  6:44  Probe (Chrono Boost)  
  34  6:47  Void Ray (Chrono Boost), Probe (Chrono Boost)  
  36  6:57  Probe (Chrono Boost)  
  36  6:58  Probe (Chrono Boost)  
  37  7:06  Probe  
  25  8:20  Void Ray x2 (Chrono Boost)  
  33  8:53  Void Ray x2 (Chrono Boost)  
  41  9:28  Void Ray  
  31  10:19  Probe (Chrono Boost)  
  33  10:28  Probe (Chrono Boost)  
  33  10:33  Probe (Chrono Boost)  
  34  10:45  Probe  
  35  11:01  Probe (Chrono Boost)  
  36  11:11  Probe (Chrono Boost)  
  37  11:16  Probe (Chrono Boost)  
  38  11:27  Probe  
Show
View Real Time Build Order
Export as new Build Order

balonpie Terran 

Build Orders:  

Get SALT Encoding   

  12  0:02  SCV  
  14  0:14  SCV  
  14  0:34  Supply Depot, SCV  
  15  0:38  Refinery  
  15  0:41  Refinery  
  15  0:55  SCV  
  16  1:22  Supply Depot  
  16  1:23  SCV  
  17  1:45  Barracks  
  17  2:00  SCV  
  18  2:12  SCV  
  19  2:24  SCV  
  20  2:34  Marine  
  21  2:46  Factory  
  21  2:52  Marine  
  21  2:55  SCV  
  23  3:09  Supply Depot  
  23  3:10  Marine  
  24  3:16  SCV  
  25  3:28  Marine  
  26  3:34  Factory Tech Lab  
  26  3:36  SCV  
  26  3:40  Supply Depot  
  27  3:46  Marine  
  27  3:48  Engineering Bay  
  28  4:09  Siege Tank  
  31  4:14  Supply Depot  
  31  4:19  Starport  
  31  4:20  Marine  
  32  4:24  Missile Turret  
  32  4:26  Terran Infantry Weapons Level 1  
  32  4:35  Command Center  
  32  4:37  Marine  
  33  4:41  Siege Tank  
  33  4:43  Supply Depot  
  36  4:55  Marine  
  37  5:13  Marine  
  37  5:14  Siege Tank  
  41  5:15  Supply Depot  
  41  5:18  Missile Turret  
  41  5:37  Orbital Command  
  41  5:48  Marine  
  41  5:49  Missile Turret  
  42  5:57  Medivac  
  44  6:06  Marine  
  44  6:09  Starport  
  45  6:20  Hi-Sec Auto Tracking  
  45  6:21  Missile Turret  
  45  6:29  Medivac  
  47  6:55  Missile Turret x2  
  47  6:58  Viking  
  49  7:07  SCV  
  50  7:19  SCV  
  51  7:31  SCV  
  10  9:11  Viking  
  10  9:13  Viking  
  14  9:39  Hellion  
  16  9:46  SCV  
  17  9:59  SCV  
  18  10:11  SCV  
  13  10:23  SCV  
  14  10:35  SCV  
  16  11:04  SCV  
  16  11:11  Viking  
  18  11:12  Viking  
  18  11:14  Siege Tank  
  18  11:16  SCV  
  24  11:28  SCV  
  25  11:40  SCV  
  25  11:42  Viking  
  25  11:43  Viking  
  30  11:52  SCV  
Tags
 
Add a new tag
Caveats
  • Supply blocks, unpowered buildings, or Contaminate may cause inaccurate times.
  • Supply counts are checked every 10 seconds.